← All builds
Front / Armada / Economy first / OBSERVED BUILD

Standard front

Armada Front build order · Supreme Isthmus

Standard economy-first Front play: Bot Lab and Vehicle Plant up immediately, units trickle to the coast and middle, with an Advanced Metal Extractor around 9:00 as the eco transition.

#eco · 1687 distinct matches · 243 players · 74% of Armada Front games · team won 60% of 1981 · Recently observed

HOW TO PLAY IT

Key timing: T2 constructor by 7:43

  1. Open mex and wind, drop Bot Lab and Vehicle Plant almost immediately.
  2. Pump Blitz, Rocketeer and Pawn to the coast to stop leaks first.
  3. Add Centurion and Janus once first units are moving up.
  4. Form units into a line pushing toward middle as numbers grow.
  5. Upgrade to Advanced Metal Extractor as the economy transition kicks in.

Phase by phase

TYPICAL OF ITS 1687 GAMES
  1. 1
  2. 2
  3. 3
PLAY THE OPENING

Follow the example game's first 6:00 step by step: what to build now, what comes next, and where it goes. At 1× it keeps pace with your own game.

  1. 1

    Up to the Bot Lab

    Economy
    • Metal Extractor2Mex
    Order
    1. Bot LabBot Lab after 2 mex, 1 winddone ~0:44, middle half 0:33–0:55

    Some games also: wind (48%) · Vehicle Plant (35%)

    By 0:28 in all: 2 mex

    The example game in this phase · 2 steps
    1. Mex ×2
    2. Bot LabBot Labdone 0:33 · typical 0:44
  2. 2

    Bot Lab to 5:00

    Economy
    • Metal Extractor4Mex
    • Wind Turbine3Wind
    Builders
    • Construction Bot2 Con bot
    Army
    • Sentry1 Sentry
    • Rocketeer6 Rocketeer

    Some games also: Lazarus (49%) · tick (46%) · centurion (40%) · con vehicle (32%) · janus (32%)

    By 5:00 in all: 6 mex · 6 wind

    The example game in this phase · 39 steps
    1. TickTick
    2. Wind
    3. TickTick
    4. Wind
    5. TickTick ×2
    6. Mex
    7. TickTick
    8. LazarusLazarus
    9. Construction BotCon bot
    10. CenturionCenturion
    11. Construction BotCon bot
    12. Mex
    13. Construction BotCon bot
    14. Mex
    15. LazarusLazarus
    16. RocketeerRocketeer ×3
    17. Mex
    18. Wind
    19. RocketeerRocketeer ×2
    20. LazarusLazarus
    21. Wind
    22. SentrySentry
    23. RocketeerRocketeer ×2
    24. Wind
    25. RocketeerRocketeer ×3
    26. Wind
    27. Construction BotCon bot
    28. RocketeerRocketeer
    29. Wind
    30. RocketeerRocketeer ×4
    31. Wind
    32. SentrySentry
    33. LazarusLazarus
    34. SentrySentry
    35. RocketeerRocketeer ×2
    36. SentrySentry
    37. RocketeerRocketeer
    38. Con turret
    39. LazarusLazarus
  3. 3

    5:00 to 10:00

    Economy
    • Metal Extractor1Mex
    • Wind Turbine14Wind
    Builders
    • Construction Turret2 Con turret
    Army
    • Sentry1 Sentry

    Some games also: rocketeer (45%) · energy storage (43%) · Lazarus (38%) · con bot (37%) · Radar Tower (36%)

    By 10:00 in all: 7 mex · 24 wind · 1 energy storage · 3 con turret

    The example game in this phase · 117 steps
    1. LazarusLazarus
    2. RocketeerRocketeer
    3. Dragon's TeethDragon's Teeth
    4. RocketeerRocketeer
    5. Dragon's TeethDragon's Teeth ×3
    6. RocketeerRocketeer
    7. Dragon's TeethDragon's Teeth ×2
    8. LazarusLazarus
    9. RocketeerRocketeer
    10. CenturionCenturion
    11. Wind
    12. CenturionCenturion
    13. Wind
    14. Con turret
    15. CenturionCenturion
    16. Wind
    17. SentrySentry
    18. RocketeerRocketeer
    19. Wind ×2
    20. SentrySentry
    21. RocketeerRocketeer
    22. Wind
    23. RocketeerRocketeer
    24. Wind ×2
    25. SentrySentry
    26. RocketeerRocketeer
    27. Mex
    28. PawnPawn
    29. Wind ×2
    30. PawnPawn
    31. Con turret
    32. Wind
    33. Con turret
    34. PawnPawn
    35. SentrySentry
    36. Wind ×2
    37. SentrySentry
    38. Construction BotCon bot
    39. Wind
    40. SentrySentry
    41. BeamerBeamer
    42. Construction BotCon bot
    43. Wind ×3
    44. SentrySentry
    45. PawnPawn
    46. Wind
    47. PawnPawn
    48. BeamerBeamer
    49. PawnPawn
    50. Wind
    51. PawnPawn
    52. Advanced Metal ExtractorT2 mexdone 9:40 · typical 9:01
    53. BeamerBeamer
    54. PawnPawn
    55. Advanced Metal ExtractorT2 mex ×2
    56. BeamerBeamer
    57. PawnPawn ×2
    58. LazarusLazarus
    59. PawnPawn ×6
    60. Advanced Metal ExtractorT2 mex
    61. PawnPawn ×3
    62. RattlesnakeRattlesnakedone 11:38
    63. PawnPawn
    64. LazarusLazarus
    65. Wind
    66. Construction BotCon bot
    67. Advanced Metal ExtractorT2 mex
    68. Wind ×2
    69. PawnPawn
    70. Wind
    71. PawnPawn
    72. Advanced Metal ExtractorT2 mex
    73. PawnPawn
    74. Wind ×2
    75. PawnPawn
    76. Wind
    77. PawnPawn
    78. Wind
    79. PawnPawn
    80. Wind
    81. PawnPawn
    82. Wind ×2
    83. PawnPawn ×2
    84. Wind
    85. PawnPawn
    86. Wind
    87. Advanced Metal ExtractorT2 mex
    88. LazarusLazarus
    89. Con turret
    90. Wind
    91. PawnPawn ×2
    92. Con turret
    93. Wind
    94. RattlesnakeRattlesnake
    95. Con turret
    96. PawnPawn
    97. Wind
    98. Con turret
    99. PawnPawn
    100. Vehicle PlantVehicle Plantdone 13:36 · typical 0:47
    101. PawnPawn ×2
    102. Wind
    103. PawnPawn
    104. Wind
    105. PawnPawn
    106. BlitzBlitz
    107. PulsarPulsarnot finished by 15:00
    108. PawnPawn
    109. Wind
    110. BlitzBlitz
    111. Con turret
    112. Wind ×2
    113. BlitzBlitz
    114. Fusion ReactorFusionnot finished by 15:00
    115. Wind ×2
    116. BlitzBlitz
    117. Wind ×2

Counts are medians over the build's games: half of them build more, half fewer. The example game is HALF_DALLAH_HABIT's (33 OS, 04/10/2026); pick another.

Team trades

IN AT LEAST 30% OF ITS GAMES

You hand over

Nothing regular.

You get

  • Tidal Generator4 Tidal from Pondfirst at 0:17 · in 68% of games
  • Advanced Construction Bot1 T2 con bot from Geo or Techfirst at 7:23 · in 64% of games

How it plays out

Typical game of this build, running totals by minute

Metal produced

010k20k30k
0:005:0010:0015:00

metal

Enemy metal destroyed

05k10k
0:005:0010:0015:00

metal

Own metal lost

05k10k
0:005:0010:0015:00

metal

1981 games.

Show as table
ByMetal produced: This buildEnemy metal destroyed: This buildOwn metal lost: This build
1:0033300
2:008402131
3:001619134108
4:002700522333
5:0038471127787
6:00503519341428
7:00624927222309
8:00753335453177
9:00897043294073
10:001052950054812
11:001236455365547
12:001452759886408
13:001685764687002
14:001922072077830
15:002185478718698
WHAT THE NUMBERS SAY

Standard Front play wins more often than Suicide front and produces more metal by 15:00 while losing less of it.

  • + Metal produced reaches 22627 by 15:00, well above Suicide front's 20142.
  • + Own metal lost is 8944 by 15:00, lower than enemy metal destroyed ratio of Suicide front.
  • − First unit lost already at 1:43, showing exposure despite the safer position.
  • − Blitz dominates army share at 25%, leaving fewer Centurion for anti-swarm.
THE EXAMPLE YOU ARE READING

HALF_DALLAH_HABIT

32.8 OS · 04/10/2026

Open source match ↗

6 received units · includes a constructor
148 metal received · 16527 energy received

Allied construction assistance is unknown. Timings are observations, not a promise of solo reproducibility.

Typical milestones

Bot Lab0:44Middle 50%: 0:33–0:55 · n=1323
Vehicle Plant0:47Middle 50%: 0:41–1:13 · n=1277
Advanced Metal Extractor9:01Middle 50%: 8:09–10:15 · n=1555

Played most by

haaven107games of this buildHummell107games of this buildLeohvm93games of this buildTheGeneraI74games of this buildXad69games of this build